Map: Acid Plant LE

Players

ShoWTimE - Winner!

  • Race: Protoss Protoss
  • Spawn Location: 11:00

Clem

  • Race: Terran Terran
  • Spawn Location: 5:00

Event: WCS Austin 2018

VOD

Have the link to the VOD?

Description

Time

  • Played on: June 1, 2018, 4:50 p.m.
  • Length: 10:08

All games in this series

Show
View Real Time Build Order
Export as new Build Order

ShoWTimE Protoss - Winner!

Build Orders: 1 Gate Expand, Oracle Opening 

Get SALT Encoding   

  12  0:00  Probe  
  13  0:12  Probe  
  14  0:17  Pylon  
  14  0:24  Probe  
  15  0:32  Probe  
  15  0:37  Gateway  
  15  0:40  Probe  
  16  0:46  Assimilator  
  17  0:51  Probe  
  18  1:03  Probe  
  19  1:15  Probe  
  20  1:22  Nexus  
  20  1:34  Cybernetics Core  
  20  1:36  Probe  
  21  1:42  Assimilator  
  21  1:48  Probe  
  21  1:52  Pylon  
  22  2:00  Probe  
  23  2:01  Adept  
  23  2:13  Probe  
  26  2:16  Stargate  
  26  2:20  Adept  
  26  2:23  Warp Gate  
  26  2:25  Probe  
  29  2:31  Probe  
  30  2:37  Probe  
  30  2:39  Probe  
  32  2:46  Adept  
  32  2:49  Probe x2  
  32  2:50  Oracle  
  36  3:01  Probe  
  36  3:02  Probe  
  41  3:08  Pylon  
  41  3:13  Probe  
  41  3:14  Probe  
  43  3:20  Oracle  
  43  3:25  Probe  
  43  3:26  Probe  
  48  3:37  Probe  
  48  3:38  Probe  
  48  3:41  Gateway x2  
  48  3:45  Assimilator  
  48  3:49  Probe  
  48  3:51  Probe  
  50  3:58  Pylon  
  50  4:01  Phoenix, Probe  
  53  4:03  Probe  
  54  4:17  Nexus  
  54  4:19  Probe x2  
  56  4:25  Shield Battery  
  56  4:26  Assimilator  
  57  4:31  Probe x2  
  57  4:32  Shield Battery  
  57  4:36  Pylon  
  58  4:41  Forge  
  58  4:43  Probe  
  58  4:45  Twilight Council, Probe  
  60  4:47  Sentry, Protoss Ground Weapons Level 1  
  62  4:55  Adept x2, Blink  
  62  4:56  Probe  
  62  4:57  Probe  
  68  5:04  Pylon  
  68  5:06  Robotics Facility  
  68  5:10  Probe x2  
  70  5:22  Probe, Pylon  
  70  5:24  Sentry  
  70  5:26  Sentry  
  75  5:30  Probe x2  
  75  5:35  Probe  
  78  5:41  Gateway  
  78  5:42  Probe  
  79  5:43  Gateway  
  79  5:45  Gateway  
  79  5:46  Probe  
  79  5:47  Probe  
  81  5:54  Probe  
  81  5:55  Observer  
  83  6:00  Stalker x2  
  83  6:03  Probe x2  
  86  6:06  Probe  
  86  6:10  Stalker  
  89  6:15  Shield Battery, Probe  
  91  6:18  Gateway, Probe x2  
  91  6:19  Gateway  
  91  6:22  Protoss Ground Armor Level 1  
  91  6:25  Pylon  
  92  6:26  Observer  
  92  6:27  Probe  
  92  6:30  Probe  
  92  6:31  Pylon  
  95  6:33  Assimilator  
  95  6:37  Probe  
  95  6:38  Assimilator  
  95  6:39  Probe  
  97  6:42  Charge  
  97  6:47  Immortal  
  97  6:50  Sentry  
  97  6:51  Stalker x3  
  107  6:59  Stalker x2  
  110  7:18  Stalker x4  
  117  7:25  Pylon  
  117  7:26  Pylon  
  117  7:28  Robotics Bay  
  117  7:29  Robotics Facility  
  117  7:39  Pylon  
  117  7:41  Pylon  
  117  7:43  Probe, Pylon, Warp Prism  
  120  7:49  Stalker x4  
  120  7:50  Stalker  
  120  7:51  Stalker  
  132  7:55  Pylon, Probe  
  133  8:07  Pylon  
  133  8:09  Stalker x2  
  133  8:12  Zealot  
  139  8:16  Zealot x4  
  139  8:18  Colossus  
  137  8:20  Zealot  
  137  8:26  Colossus  
  126  8:34  Zealot x3  
  115  8:48  Sentry  
  123  8:59  Nexus  
  123  9:06  Pylon  
  123  9:13  Sentry x2, Pylon  
  123  9:15  Zealot x6  
  139  9:37  Stalker x7  
  147  9:55  Stalker  
  147  10:01  Zealot x3  
  147  10:02  Zealot x2  
Show
View Real Time Build Order
Export as new Build Order

Clem Terran 

Build Orders: Gas First Reaper Expand, Reaper Expand, MMM Bio, Banshee Rush 

Get SALT Encoding   

  12  0:00  SCV  
  13  0:13  SCV  
  14  0:17  Supply Depot  
  14  0:25  SCV  
  15  0:35  Refinery  
  15  0:39  SCV  
  16  0:45  Barracks  
  16  0:51  SCV  
  17  1:03  SCV  
  18  1:15  SCV  
  19  1:31  Orbital Command, Reaper  
  20  1:43  Command Center  
  20  1:57  SCV, Factory  
  21  2:09  Supply Depot  
  21  2:10  SCV  
  21  2:13  Refinery  
  21  2:14  Barracks Reactor  
  22  2:22  SCV  
  23  2:34  SCV  
  24  2:46  SCV  
  24  2:51  Marine x2  
  25  2:52  Starport  
  25  2:55  Orbital Command  
  25  2:57  Factory Tech Lab  
  27  2:58  SCV  
  28  3:09  Marine x2  
  28  3:10  SCV  
  30  3:21  SCV  
  30  3:22  SCV  
  30  3:26  Marine  
  33  3:34  SCV  
  34  3:35  SCV  
  34  3:37  Cloaking Field  
  34  3:38  Banshee  
  34  3:41  Marine  
  37  3:42  Supply Depot  
  37  3:45  Marine  
  37  3:46  SCV  
  37  3:47  SCV  
  41  3:52  Widow Mine  
  42  3:58  SCV  
  42  3:59  SCV  
  42  4:00  Marine  
  45  4:03  Engineering Bay, Marine  
  46  4:10  SCV  
  46  4:11  SCV  
  48  4:17  Factory Tech Lab  
  48  4:20  Banshee  
  48  4:22  SCV  
  48  4:23  SCV  
  53  4:24  Barracks  
  53  4:25  Barracks, Supply Depot  
  53  4:29  Marine  
  54  4:35  Terran Infantry Weapons Level 1  
  54  4:38  Refinery  
  54  4:44  Supply Depot  
  54  4:46  Marine, SCV x2  
  57  4:53  Factory Reactor  
  57  4:55  Marine  
  57  4:59  SCV x2  
  60  5:02  Refinery  
  60  5:03  Supply Depot  
  60  5:04  Marine  
  61  5:10  Missile Turret  
  61  5:11  SCV x2  
  61  5:13  Starport Reactor, Missile Turret  
  63  5:17  Marine  
  63  5:21  Supply Depot  
  64  5:22  Marine  
  64  5:23  Stimpack, SCV x2  
  64  5:24  Combat Shields  
  64  5:27  Marauder  
  69  5:31  Marauder  
  71  5:35  Supply Depot  
  71  5:36  Widow Mine  
  71  5:37  Widow Mine  
  71  5:40  Marine x2  
  71  5:41  SCV  
  71  5:42  SCV  
  79  5:47  Supply Depot  
  81  5:57  Marauder x2  
  81  6:00  Marine x2  
  81  6:02  Widow Mine x2  
  89  6:04  Medivac x2  
  94  6:11  Supply Depot  
  94  6:16  Barracks  
  94  6:18  Barracks  
  93  6:22  Marine x2  
  93  6:23  Marauder  
  93  6:25  Marauder  
  99  6:27  Supply Depot  
  99  6:30  Terran Infantry Armor Level 1  
  99  6:34  Widow Mine  
  99  6:35  Widow Mine  
  99  6:39  Medivac  
  105  6:42  Medivac  
  107  6:47  Supply Depot  
  107  6:52  Marine  
  107  6:53  Marine  
  109  6:54  Marauder  
  109  6:55  Widow Mine  
  109  6:58  Supply Depot  
  111  7:07  Barracks Reactor, Barracks Tech Lab  
  113  7:08  Widow Mine  
  113  7:10  Medivac  
  113  7:11  Marine x2  
  113  7:12  Marauder  
  119  7:16  Marauder  
  119  7:17  Widow Mine  
  119  7:20  Medivac  
  125  7:29  Marine, Supply Depot  
  120  7:31  Marine  
  120  7:32  Marauder  
  120  7:34  Marauder  
  125  7:37  Marauder  
  125  7:38  Supply Depot  
  125  7:43  Widow Mine  
  129  7:44  Marine x2  
  129  7:47  Widow Mine  
  133  7:53  Supply Depot  
  133  7:58  Medivac x2  
  137  8:01  Marauder  
  137  8:04  Widow Mine, Marine x2  
  143  8:10  Supply Depot  
  143  8:11  Marine x2  
  126  8:28  Marauder, Widow Mine, Marine  
  126  8:31  Medivac  
  126  8:32  Widow Mine  
  122  8:37  Marine x3  
  122  8:38  Marauder x2  
  115  8:47  Marine  
  116  8:49  Marauder, Widow Mine  
  116  8:55  Liberator x2, Marine  
  118  9:02  Command Center  
  117  9:04  Widow Mine, Marine x2  
  117  9:09  Marauder x2  
  129  9:22  Marine  
  129  9:23  Marauder  
  129  9:24  Widow Mine  
  129  9:28  Widow Mine  
  129  9:30  Marine x3  
  129  9:31  Marauder  
  136  9:34  Marauder  
  129  9:43  Marine  
  129  9:44  Marauder  
  120  9:45  Widow Mine  
  120  9:48  Marine  
Tags
 
Add a new tag
Caveats
  • Supply blocks, unpowered buildings, or Contaminate may cause inaccurate times.
  • Supply counts are checked every 10 seconds.